 Dungeon Crawl Stone Soup version 0.23.2-1-ga50397a (webtiles) character file.

Game seed: 16142242164594737566

26 Kairos the Grave Robber (level 3, 25/26 HPs)
             Began as a Ghoul Necromancer on Apr 24, 2019.
             Quit the game on level 1 of the Dungeon.
             The game lasted 00:01:14 (675 turns).

Kairos the Grave Robber (Ghoul Necromancer)          Turns: 675, Time: 00:01:15

Health: 25/26      AC:  2    Str: 11    XL:     3   Next: 8%
Magic:  4/4        EV: 12    Int: 11    God:
Gold:   52         SH:  0    Dex:  9    Spells: 4/5 levels left

rFire    . . .     SeeInvis .     - Unarmed
rCold    + . .     Gourm    .   (no shield)
rNeg     + + +     Faith    .   a - +0 robe
rPois    ∞         Spirit   .   (no helmet)
rElec    .         Reflect  .   (no cloak)
rCorr    .         Harm     .   (no gloves)
MR       .....                  (no boots)
Stlth    ++........             (no amulet)
HPRegen  0.08/turn              (no ring)
MPRegen  0.09/turn              (no ring)

@: rotting
A: rotting body, claws 1, carnivore, cold resistance 1, negative energy
resistance 3, inhibited regeneration, torment resistance, unbreathing
a: no special abilities


You were on level 1 of the Dungeon.
You were not hungry.

You visited 1 branch of the dungeon, and saw 1 of its levels.

You collected 52 gold pieces.

Inventory:

Armour
 a - a +0 robe (worn)
Scrolls
 d - 2 scrolls of enchant weapon
 f - a scroll of amnesia {unknown}
 h - a scroll of identify {unknown}
 j - a scroll of blinking {unknown}
Potions
 e - a potion of invisibility {unknown}
 g - a potion of ambrosia {unknown}
 i - 2 potions of haste {unknown}
Comestibles
 c - 2 rations
 k - a chunk of flesh


   Skills:
 + Level 2.0 Dodging
 + Level 2.3 Stealth
 * Level 1.4 Unarmed Combat
 + Level 1.9 Spellcasting
 + Level 4.4 Necromancy


You had 4 spell levels left.
You knew the following spells:

 Your Spells              Type           Power        Failure   Level  Hunger
a - Pain                  Necr           ##..         4%          1    ##.....

Your spell library contained the following spells:

 Spells                   Type           Power        Failure   Level  Hunger
 Animate Skeleton         Necr           N/A          4%          1    ##.....
 Vampiric Draining        Necr           ##........   14%         3    ####...
 Regeneration             Chrm/Necr      #.........   34%         3    ####...
 Animate Dead             Necr           N/A          43%         4    #####..


Dungeon Overview and Level Annotations

Branches:
Dungeon (1/15)

Altars:


Innate Abilities, Weirdness & Mutations

Your body is rotting away.
You thrive on raw meat.
You are immune to poison.
You have sharp fingernails.
You are carnivorous and can eat meat at any time.
Your flesh is cold resistant. (rC+)
You are immune to negative energy. (rN+++)
You do not regenerate when monsters are visible.
You are immune to unholy pain and torment.
You can survive without breathing.


Message History

You scratch the rat.
You kill the rat!
No target in view!
No target in view!
No target in view!
No target in view!
No target in view!
You now have 52 gold pieces (gained 9).
i - 2 yellow potions (gained 1) Done exploring.
Done exploring.
Done exploring.
Done exploring.
As you read the scroll labeled YRANU FEOMOMALE, it crumbles to dust.
It is a scroll of enchant weapon.
You aren't carrying any weapons that can be enchanted.
As you read the scroll labeled ZOVVER VIACU, it crumbles to dust.
You feel blessed for a moment.
It was a scroll of remove curse.
Unknown command.
Are you sure you want to abandon this character and quit the game? (Confirm with "yes".)

#.##............#....
#.##....#.#.#.#......
#.##..........#.....#
#.#########.#.#...#..
#...........#.......#
#########...........#
#....#.####....#.#
#....#.......#.#.#
#@...#######.###.#
#....#...# #.....#
#....#.#.#########
#.................
#....#.........###
#....#.........)).
#.####.........###
#.#...........##
#.............#


There were no monsters in sight!

Vanquished Creatures
  A leopard gecko (D:1)
  3 giant cockroaches (D:1)
  2 goblins (D:1)
  3 hobgoblins (D:1)
  4 kobolds (D:1)
  5 bats (D:1)
  7 rats (D:1)
25 creatures vanquished.

Notes
Turn   | Place    | Note
-------+----------+-------------------------------------------
     0 | D:1      | Kairos the Ghoul Necromancer began the quest for the Orb.
     0 | D:1      | Reached XP level 1. HP: 14/14 MP: 2/2
   179 | D:1      | Reached XP level 2. HP: 10/19 MP: 0/3
   532 | D:1      | Reached skill level 1 in Unarmed Combat
   563 | D:1      | Reached XP level 3. HP: 8/26 MP: 4/4
   675 | D:1      | Quit the game

Skill      XL: |  1  2  3 |
---------------+----------+-----
Unarmed Combat | 1 |  1.4
Dodging        | 2 |  2.0
Stealth        | |  2.3
Spellcasting   | |  1.9
Necromancy     | |  4.4

Action                   || total
-------------------------++-------
Melee: Unarmed           ||    88
 Cast: Pain              ||     2
  Use: Scroll            ||     2
 Stab: Sleeping          ||     5
  Eat: Chunk             ||     9
Armor: Robe              ||    26
Dodge: Dodged            ||    62
